Map: Shrines of Lizul

Players

Omega - Winner!

  • Race: Terran Terran
  • League: Gold
  • Spawn Location: 3:00

ILIEKEGGPIE - Winner!

  • Race: Zerg Zerg
  • League: Platinum
  • Spawn Location: 12:00

PrimeIce

  • Race: Terran Terran
  • Spawn Location: 9:00

rest

  • Race: Protoss Protoss
  • League: Silver
  • Spawn Location: 6:00

VOD

Have the link to the VOD?

Description

Time

  • Played on: May 12, 2018, 2:55 p.m.
  • Length: 3:35
Show
View Real Time Build Order
Export as new Build Order

Omega Terran - Winner!

Build Orders:  

Get SALT Encoding   

  12  0:01  SCV  
  13  0:13  SCV  
  14  0:21  Supply Depot  
  14  0:25  SCV  
  15  0:43  Barracks, SCV  
  16  0:51  Refinery  
  16  0:55  SCV  
  17  1:07  SCV  
  18  1:19  SCV  
  19  1:31  SCV  
  20  1:36  Supply Depot, Marine  
  21  1:53  SCV  
  22  1:55  Command Center  
  22  1:56  Marine  
  23  2:07  Refinery  
  23  2:19  SCV  
  24  2:27  Factory  
  24  2:31  SCV  
  25  2:39  Marine  
  25  2:43  SCV  
  25  2:57  Marine  
  23  3:21  SCV  
Show
View Real Time Build Order
Export as new Build Order

ILIEKEGGPIE Zerg - Winner!

Build Orders: Pool First 

Get SALT Encoding   

  12  0:02  Drone  
  13  0:09  Drone  
  14  0:18  Overlord  
  14  0:33  Extractor  
  14  0:35  Drone  
  14  0:37  Drone x2  
  16  0:50  Spawning Pool  
  15  1:04  Drone x2  
  17  1:15  Drone  
  18  1:19  Drone  
  19  1:38  Metabolic Boost  
  19  1:40  Queen  
  19  1:47  Zergling x2  
  22  1:49  Overlord  
  22  2:07  Zergling x2  
  22  2:08  Zergling x2  
  24  2:10  Hatchery  
  23  2:22  Drone  
  24  2:25  Zergling x2  
  25  2:38  Zergling x2  
  25  2:55  Zergling x6  
  25  2:56  Zergling x2  
Show
View Real Time Build Order
Export as new Build Order

PrimeIce Terran 

Build Orders:  

Get SALT Encoding   

  12  0:01  SCV  
  13  0:19  Supply Depot  
  13  0:42  Barracks x2  
  13  0:50  Supply Depot  
  13  0:59  Refinery  
  13  1:06  Refinery  
  13  1:15  SCV  
  14  1:33  Orbital Command  
  14  1:46  Reaper x2  
  16  1:58  SCV  
  17  2:10  SCV  
  18  2:17  Factory  
  18  2:26  Marine  
  18  2:27  Marine  
  20  2:41  SCV  
  21  2:44  Marine x2  
Show
View Real Time Build Order
Export as new Build Order

rest Protoss 

Build Orders:  

Get SALT Encoding   

  12  0:00  Probe  
  13  0:23  Probe  
  14  0:35  Probe  
  15  0:38  Pylon  
  15  0:42  Assimilator  
  15  0:47  Assimilator  
  15  0:56  Probe  
  16  1:06  Probe  
  17  1:14  Probe  
  17  1:16  Gateway  
  18  1:23  Probe  
  19  1:35  Probe  
  20  1:47  Probe  
  20  1:53  Nexus  
  21  2:10  Cybernetics Core  
  21  2:11  Probe  
  22  2:19  Probe  
  23  2:31  Pylon  
  23  2:34  Pylon  
  23  2:38  Pylon  
  23  2:49  Probe  
  26  3:01  Probe  
  27  3:06  Probe  
Tags
 
Add a new tag
Caveats
  • Supply blocks, unpowered buildings, or Contaminate may cause inaccurate times.
  • Supply counts are checked every 10 seconds.